 Dungeon Crawl Stone Soup version 0.24.0-1-gfbc8707122 (webtiles) character file.

Game seed: 10202105543483344807, levelgen mode: deterministic

53 Lanoc the Ducker (level 3, -2/24 HPs)
             Began as a Merfolk Enchanter on Oct 25, 2019.
             Was an Initiate of Dithmenos.
             Slain by a worm (10 damage)
             ... on level 2 of the Dungeon.
             The game lasted 00:02:52 (1951 turns).

Lanoc the Ducker (Merfolk Enchanter)                Turns: 1951, Time: 00:02:53

Health: -2/24      AC:  3    Str:  8    XL:     3   Next: 87%
Magic:  6/6        EV: 14    Int: 14    God:    Dithmenos [......]
Gold:   77         SH:  0    Dex: 15    Spells: 5/6 levels left

rFire    . . .     SeeInvis +   a - +1 dagger
rCold    . . .     Gourm    .   (no shield)
rNeg     . . .     Faith    .   b - +0 robe
rPois    .         Spirit   .   (no helmet)
rElec    .         Reflect  .   h - +0 cloak
rCorr    .         Harm     .   (no gloves)
MR       .....                  (no boots)
Stlth    +++.......             (no amulet)
HPRegen  0.08/turn              j - ring of see invisible
MPRegen  0.10/turn              (no ring)

@: no status effects
A: change form in water, swift swim, stealthy swim
a: Renounce Religion


You were on level 2 of the Dungeon.
You worshipped Dithmenos.
Dithmenos was noncommittal.
You were not hungry.

You visited 1 branch of the dungeon, and saw 2 of its levels.

You collected 77 gold pieces.

Inventory:

Hand Weapons
 a - a +1 dagger (weapon)
Armour
 b - a +0 robe (worn)
 h - a +0 cloak (worn)
Jewellery
 j - a ring of see invisible (left hand)
Scrolls
 c - 5 scrolls of random uselessness {unknown}
 e - a scroll of blinking {unknown}
 f - 3 scrolls of teleportation {unknown}
 g - 2 scrolls of enchant armour {unknown}
Potions
 i - 2 potions of curing {unknown}
Comestibles
 d - 2 rations


   Skills:
 + Level 0.2 Fighting
 * Level 2.3 Short Blades
 + Level 4.2 Dodging
 * Level 3.8 Stealth
 - Level 2.0 Spellcasting
 - Level 3.0 Hexes
 + Level 0.2 Invocations


You had 5 spell levels left.
You knew the following spells:

 Your Spells              Type           Power        Failure   Level  Hunger
a - Corona                Hex            #......      7%          1    ##.....

Your spell library contained the following spells:

 Spells                   Type           Power        Failure   Level  Hunger
 Ensorcelled Hibernation  Hex/Ice        #.....       19%         2    ###....
 Confuse                  Hex            #.......     21%         3    ####...
 Tukima's Dance           Hex            #.......     21%         3    ####...
 Dazzling Spray           Conj/Hex       #.....       36%         3    ####...


Dungeon Overview and Level Annotations

Branches:
Dungeon (2/15)

Altars:
Dithmenos
Fedhas
Qazlal


Message History

The worm is severely wounded.
You barely miss the worm.
The worm is severely wounded.
The worm bites you.
You are too injured to fight recklessly!
You are too injured to fight recklessly!
You hit the worm but do no damage.
The worm is severely wounded.
You completely miss the worm.
The worm is severely wounded.
The worm misses you.
You hit the worm.
The worm is severely wounded.
The worm bites you.
You barely miss the worm.
The worm is severely wounded.
You hit the worm but do no damage.
The worm is severely wounded.
The worm bites you!
You die...

#.###..# ......# ....... #.#..# #
#..# ############ .####.#...
#...#......# ......#...
#...#.####.###.#......#.#.
########...#.#.w@.....#..........
....#≈≈≈....PP..#.#####..........
###...≈#^.PPPPP.#.# ######.##
#..._....._PP.#.# #.# #
#.###....PPPP##.# ######.## #
#..#.^...PP.....# #......## #
#####.#.######### #.####.## #
#.#.# ######### #......# # #.#.#
#.......# #######.##


You could see a worm.

Vanquished Creatures
  2 adders (D:2)
  3 dart slugs (D:1)
  A leopard gecko (D:1)
  2 bats
  A giant cockroach (D:1)
  6 goblins
  4 hobgoblins
  A frilled lizard (D:1)
  3 kobolds (D:1)
  3 rats
26 creatures vanquished.

Notes
Turn   | Place    | Note
-------+----------+-------------------------------------------
     0 | D:1      | Lanoc the Merfolk Enchanter began the quest for the Orb.
     0 | D:1      | Reached XP level 1. HP: 13/13 MP: 3/3
    56 | D:1      | Reached skill level 3 in Dodging
   434 | D:1      | Reached XP level 2. HP: 16/19 MP: 5/5
   585 | D:1      | Reached skill level 4 in Dodging
  1142 | D:1      | Reached XP level 3. HP: 16/24 MP: 6/6
  1396 | D:2      | Found a shadowy altar of Dithmenos.
  1429 | D:2      | Became a worshipper of Dithmenos the Shadowed
  1902 | D:2      | Found a stormy altar of Qazlal.
  1910 | D:2      | Found a blossoming altar of Fedhas.
  1951 | D:2      | Slain by a worm

Levels and vault maps discovered:
D:1:      ebering_trefoil_3fold, layout_basic
D:2:      layout_basic, grunt_temple_overflow_forces_of_nature,
          lemuel_doored_altar, lemuel_zombie_altar_kikubaaqudgha, first_ration,
          led_sif_pool

Skill      XL: |  1  2  3 |
---------------+----------+-----
Dodging        | 3 4 |  4.2
Short Blades   | 2 |  2.3
Fighting       | |  0.2
Stealth        | |  3.8
Spellcasting   | |  2.0
Hexes          | |  3.0
Invocations    | |  0.2

Action                   || total
-------------------------++-------
Melee: Dagger            ||   136
  Use: Scroll            ||     2
 Stab: Sleeping          ||     7
  Eat: Chunk             ||     3
Armor: Robe              ||    10
Dodge: Dodged            ||    61
